 Dungeon Crawl Stone Soup version 0.21.1-1-g345015f (webtiles) character file.

44777 nicolaieve the Severer (level 13, 0/122 HPs)
             Began as a Minotaur Berserker on July 12, 2018.
             Was the Champion of Trog.
             Slain by a sixfirhy (10 damage)
             ... summoned by a deep elf mage
             ... in a bailey.
             The game lasted 01:27:17 (15228 turns).

nicolaieve the Severer (Minotaur Berserker)        Turns: 15228, Time: 01:27:17

Health: 0/122      AC: 19    Str: 29    XL:     13   Next: 98%
Magic:  21/21      EV: 11    Int:  4    God:    Trog [******]
Gold:   1338       SH:  2    Dex: 10    Spells: 12/12 levels left

rFire    + . .     SeeInvis .   L - +1 battleaxe (drain)
rCold    . . .     Gourm    .   (shield currently unavailable)
rNeg     . . .     Faith    .   s - +0 plate armour
rPois    +         Spirit   .   (helmet restricted)
rElec    .         Reflect  +   a - +0 cloak
rCorr    .         Harm     .   v - +0 pair of gloves
MR       +++..                  (no boots)
Stlth    ..........             R - +2 amulet of reflection
HPRegen  1.30/turn              x - ring of protection from magic
MPRegen  0.17/turn              D - ring of Symuisem {rPois rF+ MP+9 Str+2}

@: berserk cooldown, regenerating, slowed, studying Fighting, very slow
A: retaliatory headbutt, horns 2
a: Berserk, Trog's Hand, Brothers in Arms, Burn Spellbooks, Renounce Religion


You were in a bailey.
You worshipped Trog.
Trog was exalted by your worship.
You were full.

You visited 3 branches of the dungeon, and saw 18 of its levels.
You also visited: Labyrinth and Bailey.

You collected 1473 gold pieces.
You spent 135 gold pieces at shops.

Inventory:

Hand Weapons
 B - a +2 whip of flaming
 L - a +1 battleaxe of draining (weapon)
 O - a +2 broad axe of freezing
 S - a +1 executioner's axe of electrocution
Armour
 a - a +0 cloak (worn)
 s - a +0 plate armour (worn)
 v - a +0 pair of gloves (worn)
Jewellery
 l - an uncursed amulet of the gourmand
 o - an uncursed ring of see invisible
 w - a +3 ring of strength
 x - a ring of protection from magic (left hand)
 A - an uncursed ring of resist corrosion
 D - the ring of Symuisem (right hand) {rPois rF+ MP+9 Str+2}
   (You found it on level 8 of the Dungeon)

   [ring of protection from fire]

   It affects your strength (+2).
   It protects you from fire.
   It protects you from poison.
   It affects your magic capacity (+9).
 R - a +2 amulet of reflection (around neck)
Wands
 e - a wand of random effects (22)
 n - a wand of disintegration (24)
 p - a wand of polymorph (13)
 q - a wand of iceblast (5)
 r - a wand of clouds (4)
 y - a wand of acid (11)
 H - a wand of digging (24)
 I - a wand of paralysis (2)
 P - a wand of enslavement (11)
Scrolls
 d - 10 scrolls of teleportation
 f - a scroll of blinking
 g - 3 scrolls of fog
 h - a scroll of enchant weapon
 i - 8 scrolls of remove curse
 j - 3 scrolls of immolation
 k - 2 scrolls of fear
 m - 5 scrolls of enchant armour
 J - 2 scrolls of identify
 Q - a scroll of silence {unknown}
Potions
 b - 3 potions of lignification
 t - 2 potions of haste
 u - a potion of agility
 z - 4 potions of curing
 C - 4 potions of heal wounds
 E - 3 potions of mutation
 G - a potion of might
 K - a potion of cancellation
 M - a potion of flight {unknown}
Books
 N - a manual of Fighting
Comestibles
 c - 29 rations
 F - 34 chunks of flesh


   Skills:
 * Level 13.5 Fighting
 * Level 19.5 Axes
 - Level 13.9 Armour
 - Level 6.8 Dodging


You had 12 spell levels left.
You didn't know any spells.

Dungeon Overview and Level Annotations

Branches:
Dungeon (11/15)            Temple (0/1) D:6            Lair (6/6) D:11
  Swamp (0/4) Lair:3       Spider (0/4) Lair:3        Slime (0/5) Lair:5
    Orc (1/2) D:9

Altars:
Ashenzari
Elyvilon
Kikubaaqudgha
Makhleb
Qazlal
Trog
Wu Jian
Xom
Yredelemnul
Beogh

Shops:
D:7 =   Orc:1 =

Annotations:
Lair:5 exclusion: 3 oklob plants


Innate Abilities, Weirdness & Mutations

You reflexively headbutt those who attack you in melee.
You have a pair of horns on your head.


Message History

Your headbutt misses the sixfirhy.
The sixfirhy is heavily wounded.
Unknown command.
You closely miss the sixfirhy. You headbutt the sixfirhy!
The sixfirhy is severely wounded.
The sixfirhy hits you. The sixfirhy shocks you!
* * * LOW HITPOINT WARNING * * *
The sixfirhy hits you but does no damage.
The sixfirhy closely misses you.
The sixfirhy hits you but does no damage.
You miss the sixfirhy. Your headbutt misses the sixfirhy.
The sixfirhy is severely wounded.
The sixfirhy hits you!
* * * LOW HITPOINT WARNING * * *
The sixfirhy shocks you!
* * * LOW HITPOINT WARNING * * *
The sixfirhy hits you.
* * * LOW HITPOINT WARNING * * *
The sixfirhy shocks you!
You die...

#.....#....#
..
##...##....#
.######'##..#
##...###...###
#.....#...).#
#.....#..∩..#
#...rr#.....#
#..e3#....##
#@#####
#...)#)...##
#.....#.....#
#.....#..)..#
#.....#.....#
##...###...##
.### ####. ..
.. ...


You could see a deep elf mage, a sixfirhy and 2 hell rats.

Vanquished Creatures
  A minotaur (Lab)
  Josephine (D:10)
  3 hydras
  Erica (Lair:2)
  4 two-headed ogres
  An orc high priest (Orc:1)
  Nergalle (D:11)
  The ghost of w0lly the Carver, a novice DsBe of Trog (D:7)
  An unseen horror (D:10)
  Pikel (D:7)
  6 deep elf magi (Bailey)
  3 cyclopes
  5 elephants (Lair:5)
  2 black mambas (Lair:1)
  A torpor snail (Lair:5)
  5 spiny frogs
  A kobold demonologist (D:8)
  4 komodo dragons
  A rime drake (Lair:2)
  5 polar bears (Lair:6)
  2 trolls
  The ghost of 2BAD the Cudgeler, an amateur DsFi (D:4)
  A slime creature (Lair:5)
  8 hornets
  Prince Ribbit (D:6)
  13 blink frogs
  2 dream sheep (Lair:5)
  16 hippogriffs
  2 redbacks (Lab)
  A shadow (Lab)
  14 spriggans (Lair:6)
  A wyvern (D:11)
  6 wraiths
  4 yaks
  4 basilisks
  3 hungry ghosts
  3 vampire mosquitoes (Lair:3)
  A warg (Orc:1)
  11 water moccasins
  Duvessa (D:6)
  2 porcupines
  12 orc warriors
  3 phantoms
  A swamp drake (D:11)
  6 black bears
  A hornet zombie (D:9)
  16 wolves (Lair:6)
  3 boggarts (Lair:6)
  7 centaurs
  5 ogres
  13 crocodiles
  6 big kobolds
  Blork the orc (D:4)
  10 bullfrogs
  A gnoll sergeant (D:5)
  A wyvern skeleton (D:6)
  Dowan (D:6)
  2 scorpions
  7 wights (D:7)
  7 killer bees (D:7)
  2 howler monkeys
  2 electric eels
  2 bullfrog zombies (D:5)
  2 crimson imps
  A centaur zombie (D:5)
  5 jellies
  15 orc priests
  3 hounds
  3 bullfrog skeletons
  A gnoll shaman (Orc:1)
  3 iguanas
  Ijyb (D:5)
  11 orc wizards
  7 worker ants
  2 hound zombies
  2 hound skeletons
  2 howler monkey zombies
  A worker ant zombie (D:10)
  A howler monkey skeleton (D:9)
  18 gnolls
  11 adders
  6 shadow imps
  An ooze (D:2)
  An adder zombie (D:5)
  A dart slug (D:2)
  5 leopard geckos
  54 orcs
  6 giant cockroaches
  11 goblins
  7 hobgoblins
  10 jackals
  4 quokkas
  A ball python (D:1)
  5 bats
  4 frilled lizards
  19 kobolds
  10 rats
  A fungus (Lair:6)
489 creatures vanquished.

Vanquished Creatures (others)
  A slave (D:7)
  An orc (D:7)
  A kobold (D:7)
  2 fungi (Lair:6)
  A plant (Lair:5)
6 creatures vanquished.

Grand Total: 495 creatures vanquished

Notes
Turn   | Place    | Note
-------+----------+-------------------------------------------
     0 | D:1      | nicolaieve the Minotaur Berserker began the quest for the Orb.
     0 | D:1      | Reached XP level 1. HP: 19/19 MP: 0/0
    73 | D:1      | Reached skill level 4 in Axes
    76 | D:1      | Reached XP level 2. HP: 25/27 MP: 1/1
   275 | D:1      | Reached ** piety under Trog
   563 | D:2      | Reached XP level 3. HP: 33/33 MP: 2/2
   576 | D:2      | Found an ornate altar of the Wu Jian Council.
   975 | D:3      | Reached skill level 5 in Axes
   975 | D:3      | Reached XP level 4. HP: 25/40 MP: 3/3
  1078 | D:3      | Reached *** piety under Trog
  1195 | D:3      | Reached XP level 5. HP: 45/47 MP: 4/4
  1320 | D:3      | Found a stormy altar of Qazlal.
  1337 | D:3      | Noticed a black bear
  1344 | D:3      | Killed a black bear
  1344 | D:3      | Reached skill level 6 in Axes
  1433 | D:3      | Received a gift from Trog
  1631 | D:4      | Reached XP level 6. HP: 46/53 MP: 5/5
  1636 | D:4      | Noticed Blork the orc
  1644 | D:4      | Reached skill level 7 in Axes
  1647 | D:4      | Noticed 2BAD's ghost (amateur DsFi)
  1652 | D:4      | Killed Blork the orc
  1664 | D:4      | Killed 2BAD's ghost
  1664 | D:4      | Reached skill level 5 in Fighting
  1664 | D:4      | Reached skill level 8 in Axes
  1664 | D:4      | Reached XP level 7. HP: 40/61 MP: 6/6
  1804 | D:4      | Reached skill level 9 in Axes
  2159 | D:5      | Entered Level 5 of the Dungeon
  2184 | D:5      | Reached **** piety under Trog
  2258 | D:5      | Reached XP level 8. HP: 33/69 MP: 7/7
  2411 | D:5      | Reached skill level 5 in Armour
  2586 | D:5      | Noticed Ijyb
  2592 | D:5      | Killed Ijyb
  2592 | D:5      | Reached skill level 10 in Axes
  2748 | D:6      | Noticed Prince Ribbit
  2756 | D:6      | Killed Prince Ribbit
  2837 | D:6      | Found a bloodstained altar of Trog.
  2870 | D:6      | Found a basalt altar of Yredelemnul.
  2963 | D:6      | Found a white marble altar of Elyvilon.
  3044 | D:6      | Found a staircase to the Ecumenical Temple.
  3046 | D:6      | Noticed Dowan
  3046 | D:6      | Noticed Duvessa
  3054 | D:6      | Killed Duvessa
  3054 | D:6      | Reached skill level 11 in Axes
  3063 | D:6      | Killed Dowan
  3063 | D:6      | Reached XP level 9. HP: 48/78 MP: 8/8
  3284 | D:7      | Reached skill level 5 in Dodging
  3330 | D:7      | Noticed w0lly's ghost (novice DsBe)
  3644 | D:7      | Killed w0lly's ghost
  3644 | D:7      | Reached skill level 12 in Axes
  3657 | D:7      | Found Esusoac's Jewellery Shoppe.
  3710 | D:7      | Found an ancient bone altar of Kikubaaqudgha.
  3861 | D:7      | Noticed Pikel
  3871 | D:7      | Killed Pikel
  3871 | D:7      | Reached XP level 10. HP: 33/86 MP: 9/9
  4115 | D:7      | Reached skill level 13 in Axes
  4335 | D:7      | Found a shimmering altar of Xom.
  4345 | D:7      | Found a burning altar of Makhleb.
  4585 | D:8      | Noticed a two-headed ogre
  4590 | D:8      | Killed a two-headed ogre
  4729 | D:8      | Got an ancient ivory ring
  4735 | D:8      | Identified the ring of Symuisem {rPois rF+ MP+9 Str+2} (You found it on level 8 of the Dungeon)
  4790 | D:8      | Noticed a two-headed ogre
  4800 | D:8      | Killed a two-headed ogre
  4800 | D:8      | Reached skill level 14 in Axes
  4829 | D:8      | Noticed a sixfirhy
  4941 | D:8      | Found a shattered altar of Ashenzari.
  5226 | D:9      | Reached ***** piety under Trog
  5270 | D:9      | Found a roughly hewn altar of Beogh.
  5270 | D:9      | Found a staircase to the Orcish Mines.
  5399 | D:9      | Noticed a two-headed ogre
  5405 | D:9      | Killed a two-headed ogre
  5405 | D:9      | Reached XP level 11. HP: 40/97 MP: 10/10
  5700 | D:10     | Entered Level 10 of the Dungeon
  5880 | D:10     | Noticed a two-headed ogre
  5890 | D:10     | Killed a two-headed ogre
  5890 | D:10     | Reached skill level 15 in Axes
  6012 | D:10     | Noticed Josephine
  6026 | D:10     | Killed Josephine
  6026 | D:10     | Received a gift from Trog
  6501 | D:10     | Killed an unseen horror
  6501 | D:10     | Reached skill level 10 in Armour
  6615 | D:11     | Noticed Nergalle
  6618 | D:11     | Reached skill level 10 in Fighting
  6626 | D:11     | Killed Nergalle
  6929 | D:11     | Reached skill level 16 in Axes
  6963 | D:11     | Found a staircase to the Lair.
  7295 | D:11     | Found a burning altar of Makhleb.
  7402 | Lair:1   | Entered Level 1 of the Lair of Beasts
  7488 | Lair:1   | Reached XP level 12. HP: 76/108 MP: 11/11
  7534 | Lair:1   | Received a gift from Trog
  7766 | Lair:1   | Found a labyrinth entrance.
  7775 | Lab      | Entered a labyrinth
  8312 | Lab      | Found an exit through the horrors of the Abyss.
  9773 | Lab      | Noticed a minotaur
  9789 | Lab      | Killed a minotaur
 10756 | Lair:2   | Reached skill level 17 in Axes
 10944 | Lair:2   | Noticed Erica
 10958 | Lair:2   | Killed Erica
 11109 | Lair:3   | Found a hole to the Spider Nest.
 11127 | Lair:3   | Noticed a four-headed hydra
 11141 | Lair:3   | Killed a four-headed hydra
 11709 | Lair:3   | Found a staircase to the Swamp.
 11978 | Lair:4   | Noticed an eight-headed hydra
 11986 | Lair:4   | Killed an eight-headed hydra
 12588 | Lair:5   | Noticed a five-headed hydra
 12598 | Lair:5   | Killed a five-headed hydra
 12598 | Lair:5   | Reached XP level 13. HP: 80/117 MP: 12/12
 13028 | Lair:5   | Found a staircase to the Slime Pits.
 13271 | Lair:6   | Entered Level 6 of the Lair of Beasts
 13502 | Lair:6   | Reached ****** piety under Trog
 13512 | Lair:6   | Reached skill level 18 in Axes
 13514 | Lair:6   | Received a gift from Trog
 14307 | Lair:6   | Reached skill level 19 in Axes
 14907 | Orc:1    | Entered Level 1 of the Orcish Mines
 15025 | Orc:1    | Found Omnixzoik's Jewellery Emporium.
 15043 | Orc:1    | Bought a +2 amulet of reflection for 135 gold pieces
 15084 | Orc:1    | Found a flagged portal.
 15089 | Orc:1    | Received a gift from Trog
 15148 | Bailey   | Entered a bailey
 15228 | Bailey   | Slain by a sixfirhy

Skill      XL: |  1  2  3  4  5  6  7  8  9 10 11 12 13 |
---------------+----------------------------------------+-----
Axes           | 4 5 6 8 9 11 12 14 16 17 19 | 19.5
Fighting       | 4 5 6 7 9 10 11 13 | 13.5
Dodging        | 3 4 5 6 |  6.8
Armour         | 3 4 6 7 9 11 13 | 13.9

Action                   |  1- 3 |  4- 6 |  7- 9 | 10-12 | 13-15 || total
-------------------------+-------+-------+-------+-------+-------++-------
Melee: Hand axe          |    87 |    83 |   283 |   260 |       ||   713
       Headbutt          |    17 |    16 |    50 |   156 |    80 ||   319
       War axe           |       |       |       |   406 |    67 ||   473
       Whip              |       |       |       |    12 |       ||    12
       Battleaxe         |       |       |       |       |   202 ||   202
       Broad axe         |       |       |       |       |    67 ||    67
Invok: Berserk           |       |     3 |     9 |    14 |     6 ||    32
       Trog's Hand       |       |       |     2 |     6 |     1 ||     9
       Burn Spellbooks   |       |       |     1 |     4 |     4 ||     9
  Use: Scroll            |       |       |     2 |    19 |     4 ||    25
       Potion            |       |       |       |       |     1 ||     1
 Stab: Sleeping          |     1 |       |       |       |       ||     1
  Eat: Chunk             |       |     4 |    36 |    57 |    13 ||   110
Armor: Animal skin       |     3 |       |       |       |       ||     3
       Leather armour    |    12 |       |       |       |       ||    12
       Ring mail         |       |    28 |    18 |       |       ||    46
       Scale mail        |       |       |    58 |    53 |       ||   111
       Plate armour      |       |       |       |   263 |   214 ||   477
Dodge: Dodged            |    44 |    47 |   149 |   276 |   164 ||   680
Block: Other             |       |       |       |       |     3 ||     3
